 Dungeon Crawl Stone Soup version 0.29.1-15-g9cfb28693d (webtiles) character file.

Game seed: 1078388726320873123

571 jtron the Magician (level 7, -5/51 HPs)
             Began as a Gnoll Wanderer on Feb 27, 2023.
             Killed from afar by a steam dragon (10 damage)
             ... with a ball of steam
             ... on level 5 of the Dungeon.
             The game lasted 00:12:24 (4150 turns).

jtron the Magician (Gnoll Wanderer)                 Turns: 4150, Time: 00:12:24

Health: -5/51      AC:  6    Str:  8    XL:     7   Next: 34%
Magic:  18/18      EV: 12    Int: 15    God:
Gold:   255        SH:  0    Dex: 13    Spells: 17/21 levels left

rFire   . . .      SeeInvis .   a - +2 hand axe (vorpal)
rCold   . . .      Faith    .   (no shield)
rNeg    . . .      Spirit   .   D - +1 leather armour {rPois}
rPois   +          Reflect  .   k - +0 helmet
rElec   .          Harm     .   (no cloak)
rCorr   +          Rampage  .   (no gloves)
Will    .....                   d - +0 pair of boots
Stlth   +++.......              (no amulet)
HPRegen 0.17/turn               o - ring of resist corrosion
MPRegen 0.16/turn               u - +4 ring of slaying

@: no status effects
A: fangs 1, strong nose, distributed training
a: no special abilities


You were on level 5 of the Dungeon.
You visited 1 branch of the dungeon, and saw 5 of its levels.

You collected 255 gold pieces.

Inventory:

Hand Weapons
 a - a +2 vorpal hand axe (weapon)
 b - a +2 sling of freezing
 i - a +2 dagger of venom
 l - a +0 dagger
 s - a +0 sling
Armour
 c - a +0 robe
 d - a +0 pair of boots (worn)
 k - a +0 helmet (worn)
 D - a +1 leather armour of poison resistance (worn)
Jewellery
 o - a ring of resist corrosion (left hand)
 u - a +4 ring of slaying (right hand)
 z - a ring of magical power
Wands
 y - a wand of paralysis (4)
Scrolls
 h - a scroll of butterflies {unknown}
 j - a scroll of torment {unknown}
 p - a scroll of blinking
 q - 2 scrolls of poison {unknown}
 r - 2 scrolls of immolation {unknown}
 v - a scroll of teleportation {unknown}
 w - a scroll of brand weapon {unknown}
 C - a scroll of amnesia {unknown}
Potions
 e - a potion of cancellation
 f - a potion of lignification
 g - a potion of ambrosia
 m - a potion of might {unknown}
 n - a potion of heal wounds {unknown}
 t - a potion of degeneration {unknown}
 x - a potion of mutation
 A - 2 potions of curing


   Skills:
 + Level 2.5 Fighting
 + Level 2.5 Short Blades
 + Level 2.5 Long Blades
 + Level 2.5 Axes
 + Level 2.5 Maces & Flails
 + Level 2.5 Polearms
 + Level 2.5 Staves
 + Level 2.5 Ranged Weapons
 + Level 3.6 Throwing
 + Level 3.6 Armour
 + Level 2.5 Dodging
 + Level 4.9 Stealth
 + Level 2.5 Shields
 + Level 2.5 Unarmed Combat
 + Level 7.6 Spellcasting
 + Level 2.0 Conjurations
 + Level 2.0 Hexes
 + Level 2.0 Summonings
 + Level 2.0 Necromancy
 + Level 3.0 Translocations
 + Level 2.0 Transmutations
 + Level 4.3 Fire Magic
 + Level 2.0 Ice Magic
 + Level 2.0 Air Magic
 + Level 2.0 Earth Magic
 + Level 2.0 Poison Magic
 + Level 2.8 Invocations
 + Level 2.5 Evocations


You had 17 spell levels left.
You knew the following spells:

 Your Spells              Type           Power      Damage    Failure   Level
a - Mephitic Cloud        Conj/Pois/Air  12%        N/A       22%         3
b - Foxfire               Conj/Fire      60%        2x1d7     4%          1

Your spell library contained the following spells:

 Spells                   Type           Power      Damage    Failure   Level
 Apportation              Tloc           28%        N/A       4%          1
 Necrotise                Necr           48%        1d6       8%          1
 Summon Small Mammal      Summ           48%        N/A       8%          1
 Inner Flame              Hex/Fire       15%        N/A       14%         3
 Gell's Gravitas          Tloc           14%        N/A       16%         3
 Lesser Beckoning         Tloc           14%        N/A       16%         3
 Teleport Other           Tloc           14%        N/A       16%         3
 Flame Wave               Conj/Fire      15%        2d7       43%         4
 Fireball                 Conj/Fire      7%         3d5       78%         5
 Alistair's Intoxication  Tmut/Pois      8%         N/A       90%         5
 Borgnjor's Vile Clutch   Necr/Erth      6%         N/A       90%         5
 Eringya's Noxious Bog    Tmut/Pois      6%         N/A       100%        6


Dungeon Overview and Level Annotations

Branches:
Dungeon (5/15)
 Temple: D:4-7

Altars:
Elyvilon
Makhleb
The Shining One

Annotations:
D:3 2 transporters, javelincjr's ghost, amateur DjCj


Innate Abilities, Weirdness & Mutations

You have very sharp teeth.
Your uncanny sense of smell can sniff out nearby items.
Your experience applies equally to all skills.


Message History

The steam dragon breathes steam at you. The ball of steam hits you!
No target in view!
You shoot a sling bullet.
The sling bullet completely misses the steam dragon.
You shoot a sling bullet.
The sling bullet barely misses the steam dragon.
You shoot a sling bullet.
The sling bullet barely misses the steam dragon.
Your +2 sling of freezing stops glowing.
a - a +2 vorpal hand axe (weapon)
You hit the steam dragon.
The steam dragon is heavily wounded.
The steam dragon breathes steam at you. The ball of steam hits you!
You completely miss the steam dragon.
The steam dragon is heavily wounded.
You are engulfed in a cloud of scalding steam.
The steam dragon closely misses you. x2
The steam dragon closely misses you. The steam dragon misses you.
You hit the steam dragon but do no damage.
The steam dragon is heavily wounded.
The steam dragon breathes steam at you. The ball of steam hits you!
* * * LOW HITPOINT WARNING * * *
The steam dragon completely misses you. The steam dragon closely misses you.
The steam dragon barely misses you. The steam dragon claws you.
* * * LOW HITPOINT WARNING * * *
You hit the steam dragon but do no damage.
The steam dragon is heavily wounded.
The steam dragon completely misses you. x2
It was a potion of magic.
Magic courses through your body. The steam dragon closely misses you. x2
Blink to where?
Press: ? - help, Dir - move target, p - steam dragon
As you read the scroll labelled CUTSOA MICHI, it crumbles to dust.
It was a scroll of blinking.
The steam dragon breathes steam at you. The ball of steam hits you!
You die...

##########
.........#
.#######.# .# #.#
.#######.###
...........#######
.#######.#.......#
.# #...######@# .#
#..... #§#
..........## #§#
.#######.## #.# ##
#.# ##.## #.#
#..D### #+ #.#...#
#...#.# #####.#


There were no monsters in sight!

Vanquished Creatures
  Grinder (D:3)
  2 scorpions
  A hound (D:3)
  An iguana (D:4)
  Ijyb (D:3)
  2 orc wizards (D:4)
  3 adders (D:4)
  A white imp (D:4)
  A worm (D:2)
  5 dart slugs
  4 orcs
  11 endoplasms
  4 giant cockroaches
  7 goblins
  9 hobgoblins
  2 jackals (D:2)
  5 kobolds
  A quokka (D:1)
  5 ball pythons
  7 bats
  3 frilled lizards
  6 rats
82 creatures vanquished.

Notes
Turn   | Place    | Note
-------+----------+-------------------------------------------
     0 | D:1      | jtron the Gnoll Wanderer began the quest for the Orb.
     0 | D:1      | jtron set off with the following items: a +0 dagger, a
                  | potion of lignification, a +0 robe, a +0 pair of boots; and
                  | the following spells available to memorise: Apportation,
                  | Foxfire, Lesser Beckoning, Inner Flame, Flame Wave.
     0 | D:1      | Reached XP level 1. HP: 13/13 MP: 8/8
    22 | D:1      | Found a faded altar of an unknown god.
   213 | D:1      | Reached XP level 2. HP: 19/19 MP: 10/10
   887 | D:1      | Reached XP level 3. HP: 25/25 MP: 11/11
  1046 | D:1      | Got Dony's Reference Book on Incandescence and Bolts
  1482 | D:2      | Learned a level 3 spell: Mephitic Cloud
  1484 | D:2      | Reached skill level 1 in Invocations
  1491 | D:2      | Learned a level 1 spell: Foxfire
  1844 | D:2      | Reached skill level 1 in Fighting
  1844 | D:2      | Reached skill level 1 in Short Blades
  1844 | D:2      | Reached skill level 1 in Long Blades
  1844 | D:2      | Reached skill level 1 in Axes
  1844 | D:2      | Reached skill level 1 in Maces & Flails
  1844 | D:2      | Reached skill level 1 in Polearms
  1844 | D:2      | Reached skill level 1 in Staves
  1844 | D:2      | Reached skill level 1 in Ranged Weapons
  1844 | D:2      | Reached skill level 1 in Dodging
  1844 | D:2      | Reached skill level 1 in Shields
  1844 | D:2      | Reached skill level 1 in Unarmed Combat
  1844 | D:2      | Reached skill level 1 in Evocations
  2422 | D:3      | Found a transporter.
  2425 | D:3      | Noticed javelincjr's ghost (amateur DjCj)
  2469 | D:3      | Reached XP level 4. HP: 32/32 MP: 13/13
  2489 | D:3      | Reached skill level 1 in Conjurations
  2489 | D:3      | Reached skill level 1 in Hexes
  2489 | D:3      | Reached skill level 1 in Summonings
  2489 | D:3      | Reached skill level 1 in Necromancy
  2489 | D:3      | Reached skill level 1 in Transmutations
  2489 | D:3      | Reached skill level 1 in Ice Magic
  2489 | D:3      | Reached skill level 1 in Air Magic
  2489 | D:3      | Reached skill level 1 in Earth Magic
  2489 | D:3      | Reached skill level 1 in Poison Magic
  2501 | D:3      | Noticed Grinder
  2518 | D:3      | Killed Grinder
  2519 | D:3      | Reached XP level 5. HP: 13/38 MP: 14/14
  2519 | D:3      | Reached XP level 6. HP: 15/44 MP: 16/16
  2910 | D:3      | Found a burning altar of Makhleb.
  2944 | D:3      | Found a transporter.
  3002 | D:3      | Noticed Ijyb
  3006 | D:3      | Killed Ijyb
  3126 | D:4      | Found a glowing golden altar of the Shining One.
  3126 | D:4      | Found a white marble altar of Elyvilon.
  3407 | D:4      | Reached XP level 7. HP: 49/50 MP: 18/18
  4076 | D:5      | Entered Level 5 of the Dungeon
  4128 | D:5      | Noticed a steam dragon
  4150 | D:5      | Killed from afar by a steam dragon

Illustrated notes

Levels and vault maps discovered:
D:1:      dpeg_arrival_stone_temple_mockup, layout_basic,
          chequers_ecumenical_altar_simple, nicolae_hexahallways,
          corexii_item_surrounded_by_moat, minmay_misc_feat_doors
D:2:      layout_loops_ring, chequers_serial_rivers_micro_d, eino_tiny_chamber,
          reono_crystal_passage, minmay_misc_feat_secret_circle,
          dreamdust_wishing_well
D:3:      layout_loops_cross, bloody_makhleb, gammafunk_ghost_mausoleum,
          minmay_misc_feat_alley, uniq_grinder, uniq_ijyb
D:4:      layout_basic, mainiacjoe_overflow_divided_tiny
D:5:      layout_loops_corners, gammafunk_ghost_cemetery,
          hangedman_decor_slide_cut, moated_statue, kennysheep_generic_room_16,
          uniq_duvessa

Skill      XL: |  1  2  3  4  5  6  7 |
---------------+----------------------+-----
Translocations | 2 3 |  3.0
Invocations    | 1 2 |  2.8
Fighting       | 1 2 |  2.5
Short Blades   | 1 2 |  2.5
Long Blades    | 1 2 |  2.5
Axes           | 1 2 |  2.5
Maces & Flails | 1 2 |  2.5
Polearms       | 1 2 |  2.5
Staves         | 1 2 |  2.5
Ranged Weapons | 1 2 |  2.5
Dodging        | 1 2 |  2.5
Shields        | 1 2 |  2.5
Unarmed Combat | 1 2 |  2.5
Evocations     | 1 2 |  2.5
Conjurations   | 1 2 |  2.0
Hexes          | 1 2 |  2.0
Summonings     | 1 2 |  2.0
Necromancy     | 1 2 |  2.0
Transmutations | 1 2 |  2.0
Ice Magic      | 1 2 |  2.0
Air Magic      | 1 2 |  2.0
Earth Magic    | 1 2 |  2.0
Poison Magic   | 1 2 |  2.0
Throwing       | 3 |  3.6
Armour         | 3 |  3.6
Fire Magic     | 4 |  4.3
Stealth        | |  4.9
Spellcasting   | |  7.6

Action                   |  1- 3 |  4- 6 |  7- 9 || total
-------------------------+-------+-------+-------++-------
Melee: Dagger            |    67 |    23 |       ||    90
       Bite              |     6 |     2 |     2 ||    10
       Punch             |       |     1 |       ||     1
       Hand axe          |       |     1 |    19 ||    20
 Fire: Sling             |    73 |    43 |    30 ||   146
Throw: Stone             |     3 |       |       ||     3
 Cast: Mephitic Cloud    |       |       |     1 ||     1
  Use: Scroll            |     1 |     1 |     2 ||     4
       Potion            |       |     1 |     1 ||     2
Armor: Robe              |    40 |     6 |     2 ||    48
       Leather armour    |       |       |     1 ||     1
Dodge: Dodged            |    34 |    12 |    21 ||    67
